Cogmind - Beta 16.1 @@@ ROGUE MODE // 2026.03.20 @ 22:22:08 Player: SunShine214 Result: Destroyed by H-55 Commando with Gauss Rifle Performance ------------- Evolutions (3) 1500 Regions Visited (4) 800 Robots Destroyed (113) 565 Value Destroyed (2905) 2905 Prototype IDs (6) 120 Alien Tech Used (0) 0 Bonus (0) 0 TOTAL SCORE: 5890 Bonus ------- None Cogmind --------- Core Integrity 0/700 Matter 274/300 Energy 17/100 System Corruption 3% Temperature Cool (30) Movement Core (500) Ox9 Location -7/Factory Parts ------- > --- POWER (1) -------- (None) > --- PROPULSION (3) --- (None) > --- UTILITY (7) ------ Large Storage Unit Signal Interpreter Improved Targeting Computer > --- WEAPON (2) ------- Heavy Particle Cannon Katana > --- INVENTORY (15) --- Nuclear Core Improved Flight Unit Large Storage Unit Structural Scanner Hardened Light Armor Plating Hardened Light Armor Plating Hardened Light Armor Plating Hardened Light Armor Plating Hacking Suite Enhanced Autogun Enhanced Autogun Assault Cannon Plasma Cutter Peak State ------------ > --- POWER ------------ Nuclear Core > --- PROPULSION ------- Light Treads Aluminum Leg > --- UTILITY ---------- Large Storage Unit Sensor Array Signal Interpreter Improved Targeting Computer Improved Targeting Computer Hacking Suite Hacking Suite > --- WEAPON ----------- Heavy Particle Cannon Enhanced Autogun > --- INVENTORY -------- Nuclear Core Improved Flight Unit Large Storage Unit Structural Scanner Hardened Light Armor Plating Hardened Light Armor Plating Hardened Light Armor Plating Hacking Suite Enhanced Autogun Assault Cannon Rocket Launcher Plasma Cutter Katana [Rating: 28] Favorites ----------- Power Cooled Ion Engine Engine Cooled Ion Engine Power Core Light Nuclear Core Propulsion Light Treads Treads Light Treads Leg Aluminum Leg Utility Improved Targeting Computer Device Sensor Array Storage Large Storage Unit Processor Improved Targeting Computer Hackware Hacking Suite Protection Medium Armor Plating Weapon Shotgun Energy Gun Improved EM Shotgun Energy Cannon Heavy Particle Cannon Ballistic Gun Shotgun Launcher Rocket Launcher Slashing Weapon Mining Claw Build | -11 -10 -9 -8 -7 ------- Run | Yrd Mat Mat Mat Fac Slots Evolved 6 | . . 2 2 2 Power . | . . . . . Propulsion 1 | . . . 1 . Utility 5 | . . 2 1 2 Weapon . | . . . . . Parts Attached 60 | 6 14 18 16 6 Power 8 | . 3 1 4 . Engine 4 | . 3 1 . . Core 4 | . . . 4 . Reactor . | . . . . . Propulsion 18 | 2 4 5 5 2 Treads 15 | 2 4 5 4 . Leg 3 | . . . 1 2 Wheel . | . . . . . Hover . | . . . . . Flight . | . . . . . Utility 11 | 2 2 3 2 2 Device 2 | 1 . 1 . . Storage 3 | 1 1 . 1 . Processor 3 | . 1 1 . 1 Hackware 2 | . . . 1 1 Protection 1 | . . 1 . . Artifact . | . . . . . Weapon 23 | 2 5 9 5 2 Energy Gun 7 | . 1 5 1 . Energy Cannon 1 | . . . 1 . Ballistic Gun 12 | 2 3 3 3 1 Ballistic Cannon . | . . . . . Launcher 1 | . . 1 . . Special Weapon . | . . . . . Impact Weapon . | . . . . . Slashing Weapon 2 | . 1 . . 1 Piercing Weapon . | . . . . . Special Melee Weapon . | . . . . . Unidentified Prototypes 3 | . . 2 1 . Corrupted Parts 1 | . . . . 1 System Corruption 1 | . . . . 1 Parts Lost 21 | . 3 1 6 11 Power 4 | . 1 . 2 1 Propulsion 8 | . 1 . 3 4 Utility 4 | . . . . 4 Weapon 5 | . 1 1 1 2 Highest Loss Streak 9 | . 1 1 2 9 To Critical Strikes . | . . . . . Average Backups 12 | . 8 14 14 14 Power . | . . . . 1 Propulsion 1 | . 1 2 1 1 Utility 5 | . 2 5 7 6 Weapon 4 | . 3 5 4 4 Tool/Special . | . . . . . Unused Backups 28 | . 3 10 4 11 Power 1 | . . . . 1 Propulsion 3 | . . 2 . 1 Utility 11 | . . 4 . 7 Weapon 12 | . 3 4 4 1 Tool/Special 1 | . . . . 1 Average Slot Usage (%) 95 | . 96 98 95 88 Engine 7 | . 12 10 1 . Core 2 | . . . 7 6 Treads 20 | . 26 22 18 6 Leg 1 | . . . 4 7 Device 6 | . 2 10 9 5 Storage 11 | . 14 11 9 7 Processor 17 | . 11 21 18 22 Hackware 4 | . . . 9 14 Energy Gun 3 | . . 4 6 . Energy Cannon 1 | . . . 1 6 Ballistic Gun 17 | . 27 17 9 6 Peak Build Rating 28 | 8 12 18 26 28 Average Rating 17 | 5 10 16 23 27 On Entrance 12 | . 8 10 18 24 Avg Prop Armor Cover (%) 6 | . . . 6 7 Naked Turns . | . . . . . Heaviest Build 38 | 9 29 36 37 38 Greatest Support 60 | 40 40 40 60 20 Greatest Overweight (x) 6 | . . . 1 6 Average Overweight (x) . | . . . . 1 Largest Inventory Capacity 15 | 8 15 15 15 15 Average Capacity 13 | 7 11 15 15 15 Most Carried 15 | 2 11 15 15 15 Average Carried 12 | . 8 14 14 14 Final Capacity 15 | 8 15 15 15 15 Final Carried 15 | 2 11 15 15 13 Class Distribution -------------------- 78% | Mutant 12% | Scavenger-Mutant 9% | Hacker-Mutant Dominant Class ---------------- Mutant | -10/Materials Mutant | -9/Materials Mutant | -8/Materials Hacker-Mutant | -7/Factory Resources | -11 -10 -9 -8 -7 ----------- Run | Yrd Mat Mat Mat Fac Matter Collected 2152 | 265 613 696 502 76 Remotely . | . . . . . Salvage Created 3864 | 41 879 1265 1487 192 Parts 251 | 9 60 79 88 15 Haulers Intercepted 8 | . 2 3 3 . Recyclers Shooed 4 | . 1 2 . 1 Parts Field Recycled . | . . . . . Retrieved Matter . | . . . . . Parts Self-Destructed . | . . . . . Prevented . | . . . . . Parts Restored . | . . . . . Kills | -11 -10 -9 -8 -7 ------- Run | Yrd Mat Mat Mat Fac Combat Hostiles Destroyed 77 | . 24 27 22 4 Guns 69 | . 24 25 19 1 Cannons 3 | . . . . 3 AOE 5 | . . 2 3 . Classes Destroyed 14 | 1 6 4 2 1 Worker 9 | . 1 . 5 3 Builder 3 | . . 1 2 . Tunneler 3 | 3 . . . . Hauler 8 | . 2 3 3 . Recycler 2 | . . 2 . . Operator 7 | . 2 1 4 . Watcher 4 | . 1 2 1 . Swarmer 20 | . 9 8 3 . Grunt 42 | . 15 12 12 3 Brawler 1 | . . 1 . . Duelist 2 | . . . 2 . Sentry 10 | . . 6 4 . Hunter 1 | . . . 1 . Programmer 1 | . . . . 1 Best Kill Streak 8 | 2 5 8 5 3 Combat Bots Only 7 | . 5 7 3 2 Max Kills in Single Turn 2 | 1 1 2 2 2 Gunslinging 1 | . . 1 1 . Exploded 2 | . . 1 2 . Melee . | . . . . . Uniques/NPCs Destroyed . | . . . . . Combat | -11 -10 -9 -8 -7 -------- Run | Yrd Mat Mat Mat Fac Hostile Shots Fired 502 | . 104 94 122 182 Missed 147 | . 23 38 36 50 Hits 355 | . 81 56 86 132 Projectile 355 | . 81 56 86 132 Critical Strikes 9 | . . 3 1 5 Damage Taken 4519 | . 846 672 1377 1624 Core 1270 | . 182 122 264 702 Absorbed by Shields . | . . . . . Core Remaining (%) 62 | 100 27 69 52 . Volleys Fired 242 | 2 66 69 87 18 Largest 2 | 2 2 2 2 2 Hottest 103 | 40 60 78 100 103 Shots Fired 467 | 4 133 138 163 29 Gun 433 | 4 133 135 149 12 Cannon 29 | . . . 14 15 Launcher 5 | . . 3 . 2 Special . | . . . . . Kinetic 341 | 4 120 110 95 12 Thermal 29 | . . . 14 15 Explosive 5 | . . 3 . 2 Electromagnetic 92 | . 13 25 54 . Robot Hit Streak 24 | 3 12 22 24 12 Robot Miss Streak 6 | . 3 4 3 6 Penetration Max . | . . . . . Secondary Targets 8 | . 1 3 4 . Max Gunslinging Chain 1 | . 1 1 1 . Shots Hit Robots 373 | 3 104 109 134 23 Core Hits 225 | 3 53 62 73 34 Critical Kills 2 | . 1 1 . . Critical Parts Destroyed 2 | . 1 1 . . Critical Strikes 4 | . 2 2 . . Destroy 4 | . 2 2 . . Melee Attacks 2 | . 1 1 . . Impact . | . . . . . Slashing 2 | . 1 1 . . Piercing . | . . . . . Sneak Attacks . | . . . . . Combat Hostiles . | . . . . . Follow-up Attacks . | . . . . . Damage Inflicted 7206 | 29 1396 1987 2749 1045 Guns 5488 | 29 1388 1746 2136 189 Cannons 556 | . . . 275 281 Explosions 1141 | . . 232 336 573 Melee . | . . . . . Ramming 21 | . 8 9 2 2 Kinetic 4082 | 29 1257 1425 1182 189 Thermal 892 | . . . 611 281 Explosive 805 | . . 232 . 573 Electromagnetic 1406 | . 131 321 954 . Impact . | . . . . . Slashing . | . . . . . Piercing . | . . . . . Highest Corruption 3 | . 2 . . 3 Average Corruption 2 | . 2 . . 2 Corruption Purged . | . . . . . Corruption Blocked . | . . . . . Effects 19 | . 19 . . . Message Errors 3 | . 3 . . . Matter Fused 9 | . 9 . . . Heat Flow Errors 1 | . 1 . . . Parts Fused 1 | . 1 . . . Data Loss (minor) 2 | . 2 . . . Data Loss (major) 2 | . 2 . . . Misfires 1 | . 1 . . . Overload Shots . | . . . . . Overflow Damage . | . . . . . Projectiles . | . . . . . Explosions . | . . . . . Melee . | . . . . . Knockbacks 1 | . . 1 . . Impact 1 | . . 1 . . Kinetic . | . . . . . Secondary . | . . . . . Self-Inflicted Damage 126 | . . 20 106 . Shots 4 | . . 1 3 . Rammed 13 | 1 4 4 2 2 Targets Rammed 14 | 2 4 4 2 2 Kicked . | . . . . . Crushed 1 | 1 . . . . Highest Temperature 224 | . 126 18 224 138 Average Temperature 45 | . 46 6 47 49 Received Heat Transfer 1389 | . 354 231 612 192 Siege Activations . | . . . . . Martial Activations . | . . . . . Shielding Activations . | . . . . . Robots Disrupted . | . . . . . Combat Hostiles . | . . . . . Robots Corrupted . | . . . . . Combat Hostiles . | . . . . . Parts Fried 5 | . . 1 4 . Impact Corruptions . | . . . . . Robots Melted . | . . . . . Combat Hostiles . | . . . . . Parts Melted 2 | . . . 2 . Heat Transferred 1010 | . . . 657 353 Parts Sabotaged . | . . . . . Parts Stolen . | . . . . . Parts Stripped . | . . . . . Power Chain Reactions 5 | . . . 5 . Alert | -11 -10 -9 -8 -7 ------- Run | Yrd Mat Mat Mat Fac Maximum Alert Level 1 | . 1 1 1 . Low Security (%) 69 | 100 88 57 41 100 Level 1 30 | . 11 42 58 . Level 2 . | . . . . . Level 3 . | . . . . . Level 4 . | . . . . . Level 5 . | . . . . . High Security . | . . . . . Max Security . | . . . . . Peak Influence 377 | 10 242 377 352 136 Initial 143 | . . 7 143 136 Average 163 | 1 129 205 225 45 Influence Increases 2417 | 15 734 822 711 135 Destroy 0b10 Robot/C 1540 | . 480 540 440 80 Destroy 0b10 Robot/NC 180 | 15 30 45 75 15 Destroy Leader 384 | . 106 150 108 20 Successful Hack 35 | . 12 5 10 8 Disable Machine 135 | . 30 45 60 . Destroy Structure 53 | . 1 22 18 12 Lose Combat Pursuer 90 | . 75 15 . . Influence Decreases 2405 | 15 715 501 751 423 Entered New Map 373 | . . 12 197 164 Time Decay 1727 | 15 535 479 494 204 Lost Part 155 | . 30 10 60 55 Purge Threat 150 | . 150 . . . Squads Dispatched 14 | . 5 4 3 2 Investigation 7 | . 3 3 1 . Extermination . | . . . . . Reinforcement 6 | . 2 1 2 1 Assault . | . . . . . Garrison 1 | . . . . 1 Intercept . | . . . . . Searches Triggered . | . . . . . Construction Impeded . | . . . . . Haulers Reinforced . | . . . . . Active Scanning Responses . | . . . . . Cargo Convoy Interrupts 1 | . . . . 1 Stealth | -11 -10 -9 -8 -7 --------- Run | Yrd Mat Mat Mat Fac Distress Signals 5 | . 4 . . 1 Communications Jammed . | . . . . . Distress Signals . | . . . . . Times Spotted 122 | . 38 38 28 18 Peak Tracking Total 12 | . 6 7 5 12 Tactical Retreats 4 | . 3 1 . . Traps | -11 -10 -9 -8 -7 ------- Run | Yrd Mat Mat Mat Fac Traps Triggered 5 | . 2 1 1 1 Indirectly . | . . . . . Trap Hack Attempts . | . . . . . Triggered . | . . . . . Disarmed . | . . . . . Reprogrammed . | . . . . . Reused . | . . . . . Traps Extracted . | . . . . . Installed . | . . . . . Triggered . | . . . . . Machines | -11 -10 -9 -8 -7 ---------- Run | Yrd Mat Mat Mat Fac Machines Disabled 9 | . 2 3 4 . Max in Single Turn 1 | . 1 1 1 . Machines Repaired . | . . . . . Machines Dismantled . | . . . . . Machines Sabotaged . | . . . . . Overloaded Fab Kills . | . . . . . Hacking | -11 -10 -9 -8 -7 --------- Run | Yrd Mat Mat Mat Fac Machines Accessed 18 | . 4 8 5 1 Terminals 13 | . 4 6 3 . Fabricators . | . . . . . Repair Stations 1 | . . . 1 . Recycling Units 2 | . . 1 1 . Scanalyzers 2 | . . 1 . 1 Garrison Access . | . . . . . Total Hacks 44 | . 13 17 11 3 Successful 14 | . 3 6 3 2 Failed 30 | . 10 11 8 1 Catastrophic 6 | . 1 4 1 . Database Lockouts . | . . . . . Manual 19 | . 9 6 4 . Terminals 31 | . 13 12 6 . Fabricators . | . . . . . Repair Stations 3 | . . . 3 . Recycling Units 4 | . . 2 2 . Scanalyzers 6 | . . 3 . 3 Garrison Access . | . . . . . Terminal Hacks 6 | . 3 2 1 . Prototype ID Bank 1 | . 1 . . . Branch Access Points 2 | . . 1 1 . Unreport Threat 1 | . 1 . . . Registered Components 1 | . 1 . . . Zone Layout 1 | . . 1 . . Fabricator Hacks . | . . . . . Repair Station Hacks 1 | . . . 1 . Scan Component 1 | . . . 1 . Recycling Unit Hacks 2 | . . 1 1 . Retrieve Components 2 | . . 1 1 . Scanalyzer 5 | . . 3 . 2 Insert Component 2 | . . 1 . 1 Analyze 2 | . . 1 . 1 Retrieve Study 1 | . . 1 . . Garrison Access Hacks . | . . . . . Unauthorized Hacks . | . . . . . Terminals . | . . . . . Fabricators . | . . . . . Repair Stations . | . . . . . Recycling Units . | . . . . . Scanalyzers . | . . . . . Garrison Access . | . . . . . Data Cores Recovered 1 | . . . 1 . Used . | . . . . . Hacking Detections 15 | . 4 6 4 1 Full Trace Events 6 | . 2 3 1 . Feedback Events . | . . . . . Feedback Blocked . | . . . . . Robot Schematics Acquired . | . . . . . Robots Built . | . . . . . Authchips . | . . . . . Time . | . . . . . Total Robot Build Rating . | . . . . . Part Schematics Acquired 2 | . . 1 . 1 Parts Built . | . . . . . Authchips . | . . . . . Time . | . . . . . Total Part Build Rating . | . . . . . Part Studies Acquired 1 | . . 1 . . Parts Repaired . | . . . . . Time . | . . . . . Parts Recycled . | . . . . . Recycled Matter . | . . . . . Retrieved Matter . | . . . . . Retrieved Components 5 | . . 4 1 . Parts Scanalyzed 2 | . . 1 . 1 Part Schematics Acquired 2 | . . 1 . 1 Parts Damaged 1 | . . 1 . . Bothacking | -11 -10 -9 -8 -7 ------------ Run | Yrd Mat Mat Mat Fac Used RIF Installer . | . . . . . Robots Hacked . | . . . . . Non-combat . | . . . . . Combat . | . . . . . Robot Hacks Applied . | . . . . . Relay Couplers Released . | . . . . . Fabnet Peak Effective % . | . . . . . Robots Rewired . | . . . . . Allies Hacked . | . . . . . Hacks Repelled . | . . . . . Allies | -11 -10 -9 -8 -7 -------- Run | Yrd Mat Mat Mat Fac Total Allies . | . . . . . Largest Group . | . . . . . Highest-Rated Group . | . . . . . Highest-Rated Ally . | . . . . . Total Orders . | . . . . . Ally Attacks . | . . . . . Total Damage . | . . . . . Kills . | . . . . . Allies Corrupted . | . . . . . Allies Melted . | . . . . . Intel | -11 -10 -9 -8 -7 ------- Run | Yrd Mat Mat Mat Fac Active Infowar (turns) 3486 | 47 313 1336 1318 472 Sensors 3126 | . . 1336 1318 472 Terrain 360 | 47 313 . . . Robot Analysis Total . | . . . . . Derelict Logs Recovered . | . . . . . Drone Launches . | . . . . . Drone Recoveries . | . . . . . Exploration | -11 -10 -9 -8 -7 ------------- Run | Yrd Mat Mat Mat Fac Turns Passed 5023 | 86 1687 1352 1318 580 Spaces Moved 2206 | 43 838 622 487 216 Core 3 | 1 . . . 2 Treads 2183 | 42 838 622 487 194 Legs 20 | . . . . 20 Wheels . | . . . . . Hover . | . . . . . Flight . | . . . . . Fastest Speed 50 | 50 160 160 160 190 Average Speed 173 | 157 160 160 186 237 Slowest Speed 350 | 160 160 160 240 350 Overloaded Moves . | . . . . . Propulsion Burnouts . | . . . . . Robots Hopped . | . . . . . Potential Cave-ins . | . . . . . Cave-ins Triggered . | . . . . . Exploration Rate (%) 39 | 3 91 58 36 7 Regions Visited 4 Branch Regions . Pre-discovered Areas . | . . . . . Known Exits Taken . | . . . . . Unknown Exits Taken 4 | 1 1 1 1 . Scrap Searched . | . . . . . Spaces Dug 8 | . . 8 . . Terrain Destroyed 59 | . . 31 17 11 Melee . | . . . . . Projectile 3 | . . . 3 . AOE 56 | . . 31 14 11 Terrain Rammed . | . . . . . Walls Destroyed . | . . . . . Machines Disabled . | . . . . . Actions | -11 -10 -9 -8 -7 --------- Run | Yrd Mat Mat Mat Fac Total 2960 | 54 1050 842 766 248 Wait 340 | . 103 90 146 1 Move 2202 | 42 837 621 486 216 Hop . | . . . . . Pick Up 45 | 2 13 17 12 1 Fast Attach 14 | 6 2 1 3 2 Attach 12 | . 1 3 4 4 Detach . | . . . . . Swap 44 | . 12 19 11 2 Drop 43 | . 11 17 15 . Fire 242 | 2 66 69 87 18 Melee 2 | . 1 1 . . Ram 2 | . . . . 2 Kick . | . . . . . Crush 12 | 2 4 4 2 . Escape Stasis 2 | . . . . 2 Rewire . | . . . . . Trap . | . . . . . Miscellaneous . | . . . . . Route ------- -11/Scrapyard -10/Materials (discovered 3 exits: *Mat x2 / [*Min]) -9/Materials (discovered 4 exits: *Mat x3 / Min) -8/Materials -7/Factory History --------- Turn | Location | Event 15 | -11/Scrapyard | Discovered new exit (range 15) 87 | -11/Scrapyard | Entered Materials 252 | -10/Materials | Discovered new exit (range 7) 323 | -10/Materials | Build established: Mutant 617 | -10/Materials | Core integrity fell below 50% 708 | -10/Materials | Discovered new exit (range 16) 1063 | -10/Materials | Discovered new exit (range 16) 1774 | -10/Materials | Entered another Materials area 1774 | -9/Materials | Evolved 2 slots: Utility x2 1882 | -9/Materials | Destroyed 7 combat bots 2049 | -9/Materials | Discovered new exit (range 5) 2084 | -9/Materials | Identified exit to Mines 2570 | -9/Materials | Discovered new exit (range 10) 3102 | -9/Materials | Discovered new exit (range 16) 3126 | -9/Materials | Entered another Materials area 3126 | -8/Materials | Evolved 2 slots: Propulsion x1, Utility x1 3489 | -8/Materials | Build established: Scavenger-Mutant 3842 | -8/Materials | Discovered new exit (range 7) 4014 | -8/Materials | Build established: Mutant 4444 | -8/Materials | Entered Factory 4444 | -7/Factory | Evolved 2 slots: Utility x2 4736 | -7/Factory | Build established: Hacker-Mutant 4971 | -7/Factory | Garrison activated, responded to threat 4984 | -7/Factory | Cargo convoy interrupted 5002 | -7/Factory | Core integrity fell below 50% 5007 | -7/Factory | Core integrity fell below 20% 5024 | -7/Factory | Destroyed by H-55 Commando with Gauss Rifle Last Messages --------------- 05000_ Slammed into Y-54 Guardian. 05000_ Destabilizing: System interference. 05000_ Imp. Targeting Computer temporarily disabled. 05001_ M-28 Smith repairs K-01 Serf. 05001_ Penetrated by Slug. 05002_ K-01 Serf collects debris. 05003_ Slug penetrates Wall. 05003_ Hacking Suite destroyed. 05004_ U-05 Engineer builds a Wall. 05004_ Penetrated by Slug. 05006_ Slug penetrates Wall. 05008_ U-05 Engineer builds a Door. 05011_ Integrated Corrupted Katana (+1). 05011_ Corrupted Katana temporarily disabled. 05015_ Slug penetrates Wall. 05016_ P-60 Hacker destroyed. 05021_ Slug penetrates Wall. 05024_ Imp. Targeting Computer destroyed. 05024_ Slug penetrates Wall. Map ----- +----------------------------------------------------+ | ?????????????????????????????????????????????????? | | ?????????????????????????????????????????????????? | | ###??????????????????????????????????????????????? | | #??????????????????????????????????????????????? | | #??????????????????????????????????????????????? | | #?????????##?###?##????????????????????????????? | | #?????????? ]??#??????????????????????????? | | " #??????? ? ? #??????????????????????????? | | " #??????? " " " " " #????###???????????????????? | | #??????? " " " " " #???? ???????????????????? | | #??????# " " " " " #???"" ???????????????????? | | #######??# " " " " " #???"" ""?????????????????? | | #??# " " " " " #????" """ #??????????????? | | " """ #??# " " " " " #???? #??????????????? | | " """ #??# " " " " " #????? """ #??????????????? | | " """ #??# " " " " " #????? """ #??????????????? | | #??# " " " " " #?????? """ #??????????????? | | #??# #?????? ????? ?????????? | | ###/############+#############+##### # ### ?????? | | !% %" ""??? | | ""??? | | [ % ? | | %!% ?? | | [m ?? | | ##+#####################x############+##### ??? | | # #???????# i@ #????????????? ??? | | # """ """ #???????# " " " " #?????????????????? | | # """ """ #???????# " " "o" #?????????????????? | | # """ """ #???????# " " " " #?????????????????? | | # #???????# " " " " #?????????????????? | | # #???????# " " " " #?????????????????? | | # #???????# " " " " " #?????????????????? | | # #???????# " " " " "" #?????????????????? | | ###########?????????" " " " G #?????????????????? | | #?????????????????????" " "??????????????????????? | | ?????????????????????? ??????????????????????? | | ?????????????????????? ? ??????????????????????? | | ?????????????????????????+???????????????????????? | | ?????????????????????????????????????????????????? | | ?????????????????????????????????????????????????? | | ?????????????????????????????????????????????????? | | ?????????????????????????????????????????????????? | | ?????????????????????????????????????????????????? | | ?????????????????????????????????????????????????? | | ?????????????????????????????????????????????????? | | ?????????????????????????????????????????????????? | | ?????????????????????????????????????????????????? | | ?????????????????????????????????????????????????? | | ?????????????????????????????????????????????????? | | ?????????????????????????????????????????????????? | +----------------------------------------------------+ Best States ------------- Heat Dissipation 34 Energy Generation 14 Energy Capacity 280 Matter Stores 300 Matter Capacity 300 Sight Range 16 Robot Scan Range 14 Terrain Scan Range 16 Terrain Scan Density 10 Evasion (%) 40 Targeting Accuracy 12 Recoil Reduction 3 Offensive Hacking 20 Item Schematics ----------------- Imp. Flight Unit | -9/Materials | Scanalyzed Hacking Suite | -7/Factory | Scanalyzed Robot Schematics ------------------ None Fabricated ------------ Nothing Repaired ---------- Nothing Studied --------- Rocket Launcher | -9/Materials | Hacked Alien Tech Used ----------------- None Achievements -------------- None Challenges ------------ None Game ------ Seed PersonalDiametricSpecial Manual? 0 Play Time 00:32:49 Cumulative 114.1 hours Start 2026.03.20 @ 21:37:56 End 2026.03.20 @ 22:22:08 Sessions 1 Manual Loads 0 Difficulty Rogue Special Mode None Game No. 168 Rogue 168 Adventurer 0 Explorer 0 Win Type - Total 1 Types 1/0/0/0/0/0/0/0/0/0 Lore% 50 Gallery% 51 Achievement% 37 Wizard Run 0 Options --------- Layout 1 ASCII 0 Keyboard 1 Movement Arrows Keybinds 0 Fullscreen 1 Font 24/Smallcaps Map View 50x35 Zoom Use 0% Tactical HUD 1 Map Filters NONE Filters NONE Steam 1 RUN: fbff33cb-faf6-45b8-8136-0065e73735f7